 Dungeon Sprint DCSS version 0.31-a0-728-g01b46875f1 (webtiles) character file.

Game seed: 3045609419636272141

105 sircluck the Ruffian (level 4, -10/75 HPs)
             Began as a Troll Berserker on Sept 11, 2023.
             Was a Believer of Trog.
             Mangled by an orc warrior
             ... wielding a +0 halberd
             ... led by an orc knight
              (26 damage)
             ... in the Dungeon (Sprint VII: "The Pits").
             The game lasted 00:00:09 (28 turns).

sircluck the Ruffian (Troll Berserker)                Turns: 28, Time: 00:00:10

Health: -10/75     AC:  4    Str: 27    XL:     4   Next: 54%
Magic:  3/3        EV: 10    Int:  3    God:    Trog [**....]
Gold:   0          SH:  0    Dex:  9    Spells: 3/3 levels left

rFire   . .          .
                       - Unarmed
rCold   . . .        (no shield)
rNeg    . . .        a - +0 animal skin
rPois   .            (helmet restricted)
rElec   .            (no cloak)
rCorr   .            (gloves unavailable)
SInv    .            (boots unavailable)
Will    .....        (no amulet) Stlth
                     (no ring)
HPRegen 1.12/turn    (no ring)
MPRegen 0.08/turn

%: no teleportation
@: berserking (expiring), very quick
A: large, unfitting armour, claws 3, regeneration 1, shaggy fur 1, tough skin 1
a: Renounce Religion, Berserk, Trog's Hand


You were in the Dungeon.
You worshipped Trog.
Trog was pleased with you.
You visited 1 branch

Inventory:

Armour
 a - a +0 animal skin (worn)
Scrolls
 g - a scroll of blinking
Potions
 b - a potion of curing
 c - a potion of heal wounds
 d - a potion of haste
 e - 2 potions of magic
 f - a potion of berserk rage


   Skills:
 + Level 5.0 Fighting
 + Level 5.0 Dodging
 + Level 6.0 Unarmed Combat


You had 3 spell levels left.
You didn't know any spells.
Your spell library was empty.

Dungeon Overview and Level Annotations

Branches:
Dungeon (1/1)

Altars:


Innate Abilities, Weirdness & Mutations

You are too large for most types of armour.
You have claws for hands.
Your natural rate of healing is unusually fast.
You are covered in fur. (AC +1)
You have tough skin. (AC +1)


Message History

You have reached level 2!
You have reached level 3!
Your experience leads to an increase in your attributes!
Increase (S)trength, (I)ntelligence, or (D)exterity?
You feel stronger. x3
Unknown command.
Unknown command.
You claw the wight!
The wight is heavily damaged.
You mangle the wight!!
You destroy the wight!
Trog accepts your kill.
You can now call upon Trog for regeneration and willpower.
The orc warrior hits you from afar with a +0 halberd!!
The smoke demon gestures at you. The ball of steam hits you!
* * * LOW HITPOINT WARNING * * *
Your Fighting skill increases to level 5!
Your Dodging skill increases to level 5!
Your Unarmed Combat skill increases to level 6!
You have reached level 4!
Unknown command.
Unknown command.
You claw the orc knight!
The orc knight is moderately wounded.
You are engulfed in a cloud of scalding steam.
* * * LOW HITPOINT WARNING * * *
You scratch the orc knight.
The orc knight is moderately wounded.
You are engulfed in a cloud of scalding steam.
* * * LOW HITPOINT WARNING * * *
The orc warrior closely misses you.
The orc is engulfed in a cloud of scalding steam.
The orc dies!
You claw the orc knight!
The orc knight is heavily wounded.
You are engulfed in a cloud of scalding steam.
The wight barely misses you.
The orc warrior hits you from afar with a +0 halberd!!
You die...

#................+
+................+
#......#..#......#
#................#
####'#####''######
#.......##§§#####
#.......##§.§...#
#.......##§§§§..#
#...<...###§@§§##
#.......# ##o3##
#.......#


ozoz# #.......# ..o...# ##########......+ #......# ##....## ##++## You could see
an orc knight, a smoke demon, 2 orc warriors, 2 wights and an orc (strong).

Vanquished Creatures
  2 wights (D)
  An orc (D)
3 creatures vanquished.

Vanquished Creatures (others)
  An orc (D)
1 creature vanquished.

Grand Total: 4 creatures vanquished

Notes
Turn   | Place    | Note
-------+----------+-------------------------------------------
     0 | D        | sircluck the Troll Berserker began the quest for the Orb.
     0 | D        | Reached XP level 1. HP: 22/22 MP: 0/0
    17 | D        | Noticed a wight
    17 | D        | Noticed a wight
    17 | D        | Noticed a wight
    17 | D        | Noticed a wight
    17 | D        | Noticed an orc knight
    17 | D        | Noticed an orc warrior
    17 | D        | Noticed an orc warrior
    17 | D        | Noticed a smoke demon
    23 | D        | Killed a wight
    24 | D        | Reached skill level 5 in Unarmed Combat
    24 | D        | Reached XP level 2. HP: 32/32 MP: 1/1
    24 | D        | Reached XP level 3. HP: 39/39 MP: 2/2
    25 | D        | Killed a wight
    25 | D        | Reached ** piety under Trog
    26 | D        | Reached skill level 5 in Fighting
    26 | D        | Reached skill level 5 in Dodging
    26 | D        | Reached skill level 6 in Unarmed Combat
    26 | D        | Reached XP level 4. HP: 20/50 MP: 3/3
    28 | D        | Mangled by an orc warrior

Illustrated notes

Levels and vault maps discovered:
D:        pitsprint [storerooms_1, entrance_room_1, metal_vault_2, armoury_2,
          mini_pit_1, grid_room_1, main_hall_1, silver_pit, the_coven_1,
          the_vestibule_1, steel_vault_4, golden_pit, hallway_of_sentries,
          crystal_vault_4, iron_vault_3, final_vault]

Skill      XL: |  1  2  3 |
---------------+----------+-----
Fighting       | 4 5 |  5.0
Dodging        | 4 5 |  5.0
Unarmed Combat | 5 6 |  6.0

Action                     |  1- 3 |  4- 6 || total
---------------------------+-------+-------++-------
  Melee: Unarmed           |     7 |     3 ||    10
 Invoke: Berserk           |     1 |       ||     1
 Armour: Animal skin       |     4 |     4 ||     8
  Dodge: Dodged            |     1 |     2 ||     3

Table legend: (Time is in decaauts)
 A = Elapsed time spent in this place.
 B = Non-inter-level travel time spent in this place.
 C = Inter-level travel time spent in this place.
 D = Time resting spent in this place.
 E = Time spent auto-exploring this place.
 F = Levels seen in this place.
 G = Mean time per level.
                   A        B        C        D        E       F      G
               +--------+--------+--------+--------+--------+-----+--------+
         Total |     24 |     24 |      0 |      0 |     17 |   1 |   24.0 |
       Dungeon |     24 |     24 |      0 |      0 |     17 |   1 |   24.0 |
               +--------+--------+--------+--------+--------+-----+--------+

Top non-repeatable levels by time:
       D: 24 daAuts
